 Dungeon Crawl Stone Soup version 0.20.0 (webtiles) character file.

2212 MatthieuS the Destroyer (level 9, -14/45 HPs)
             Began as a Tengu Conjurer on June 13, 2017.
             Was a Priest of Sif Muna.
             Demolished by a two-headed ogre
             ... wielding a +0 giant spiked club
              (33 damage)
             ... on level 8 of the Dungeon.
             The game lasted 00:40:36 (8448 turns).

MatthieuS the Destroyer (Tengu Conjurer)            Turns: 8448, Time: 00:40:37

Health: -14/45     AC:  9    Str:  8    XL:     9   Next: 35%
Magic:  0/23       EV: 12    Int: 20    God:    Sif Muna [***...]
Gold:   334        SH:  0    Dex: 14    Spells: 8/26 levels left

rFire    . . .     SeeInvis .   k - staff of conjuration (curse)
rCold    . . .     Gourm    .   (no shield)
rNeg     . . .     Faith    .   h - +2 leather armour
rPois    .         Spirit   .   (helmet restricted)
rElec    .         Reflect  .   B - +0 cloak
rCorr    .         Harm     .   g - +2 pair of gloves
MR       .....                  (boots unavailable)
Stlth    ++........             (no amulet)
Regen    0.2/turn               y - ring of wizardry (curse)
MPRegen  0.2/turn               (no ring)

@: very slightly contaminated
A: beak, talons 3, able to fly 1
a: Fly, Divine Energy, Channel Magic, Renounce Religion


You were on level 8 of the Dungeon.
You worshipped Sif Muna.
Sif Muna was most pleased with you.
You were not hungry.

You visited 1 branch of the dungeon, and saw 8 of its levels.

You collected 334 gold pieces.

Inventory:

Hand Weapons
 a - a +1 dagger of venom
 r - a +2 short sword of flaming
Missiles
 m - 17 sling bullets
Armour
 g - a +2 pair of gloves (worn)
 h - a +2 leather armour (worn)
 B - a +0 cloak (worn)
Magical Staves
 k - a cursed staff of conjuration (weapon)
Jewellery
 y - a cursed ring of wizardry (left hand)
Wands
 s - a wand of clouds (3/9)
 x - a wand of acid (2/15)
Scrolls
 f - 3 scrolls of teleportation
 i - a scroll of remove curse
 l - a scroll of fear {unknown}
 n - a scroll of magic mapping
 u - 2 scrolls of recharging
 v - a scroll of amnesia {unknown}
 A - a scroll of brand weapon {unknown}
Potions
 b - a potion of heal wounds
 e - 4 potions of curing
 o - a potion of haste {unknown}
 p - a potion of flight {unknown}
 t - 2 potions of invisibility {unknown}
 w - a potion of cancellation {unknown}
 z - 2 potions of magic {unknown}
Comestibles
 c - 6 bread rations
 j - 2 royal jellies
 q - 4 fruits


   Skills:
 - Level 0.2 Armour
 - Level 2.3 Dodging
 - Level 2.0 Stealth
 * Level 9.0 Spellcasting
 + Level 10.3 Conjurations
 + Level 2.2 Invocations


You had 8 spell levels left.
You knew the following spells:

 Your Spells              Type           Power        Failure   Level  Hunger
a - Magic Dart            Conj           ####         1%          1    None
b - Searing Ray           Conj           ######       1%          2    None
c - Dazzling Spray        Conj/Hex       #####.       1%          3    None
d - Fulminant Prism       Conj/Hex       #####.....   5%          4    ###....
e - Force Lance           Conj/Tloc      #####...     5%          4    ###....
f - Iskenderun's Mystic   Conj           ######..     1%          4    ###....


Dungeon Overview and Level Annotations

Branches:
Dungeon (8/15)             Temple (0/1) D:6
   Lair: D:8-11

Altars:
Ashenzari
Sif Muna
Uskayaw
The Shining One

Shops:
D:6 =


Innate Abilities, Weirdness & Mutations

You have a beak for a mouth.
You have claws for feet.
You can fly.


Message History

You don't have enough magic to cast that spell.
Casting: Force Lance
Confirm with . or Enter, or press ? or * to list all spells.
Aiming: Magic Dart
Press: ? - help, Shift-Dir - straight line, f/p - two-headed ogre
Aim: a two-headed ogre, wielding two giant spiked clubs (severely wounded)
You feel a surge of power!
The magic dart hits the two-headed ogre.
The two-headed ogre is severely wounded.
Casting: Magic Dart
Confirm with . or Enter, or press ? or * to list all spells.
Aiming: Magic Dart
Press: ? - help, Shift-Dir - straight line, f/p - two-headed ogre
Aim: a two-headed ogre, wielding two giant spiked clubs (severely wounded)
You feel a surge of power!
The magic dart hits the two-headed ogre.
The two-headed ogre is severely wounded.
The two-headed ogre hits you with a giant spiked club!!
Ouch! That really hurt!
You die...

.# .# .. .# .# . # #.
. .# .? #.#.##. .#
.... .....)
##.#....#### ...#
#.......##.#
###O###.###..##...###
#...@...............#
#.#(###.###..#....#.#
#.# #.###.##.#.....
..# #.....##.####.#
.### #####.##.####.#
#. ####.##>.....# #
#.......######
#.......# #.
#.......# #.


You could see a two-headed ogre.

Vanquished Creatures
  A hippogriff (D:7)
  A black bear (D:7)
  2 ice beasts
  An orc warrior (D:6)
  3 sky beasts
  A phantom (D:4)
  An ogre (D:8)
  2 centaurs
  3 bullfrogs
  2 scorpions (D:5)
  A howler monkey (D:5)
  2 bullfrog zombies (D:7)
  A centaur zombie (D:5)
  2 hounds (D:4)
  2 orc priests (D:4)
  Crazy Yiuf (D:6)
  2 orc wizards
  An iguana (D:6)
  3 worker ants
  A hound zombie (D:7)
  A hound skeleton (D:6)
  A worker ant zombie (D:5)
  12 gnolls
  7 adders
  2 oozes
  An adder skeleton (D:4)
  2 worms (D:4)
  2 dart slugs (D:1)
  4 leopard geckos
  17 orcs
  6 giant cockroaches
  3 goblins
  3 hobgoblins
  19 jackals
  9 kobolds
  2 quokkas
  A ball python (D:4)
  8 bats
  6 frilled lizards
  A quokka skeleton (D:4)
  10 rats
  A fulminant prism (D:5)
151 creatures vanquished.

Vanquished Creatures (others)
  11 fulminant prisms
11 creatures vanquished.

Grand Total: 162 creatures vanquished

Notes
Turn   | Place    | Note
-------+----------+-------------------------------------------
     0 | D:1      | MatthieuS the Tengu Conjurer began the quest for the Orb.
     0 | D:1      | Reached XP level 1. HP: 10/10 MP: 4/4
   237 | D:1      | Reached XP level 2. HP: 15/15 MP: 0/6
   778 | D:2      | Reached skill level 6 in Conjurations
   942 | D:2      | Reached XP level 3. HP: 19/19 MP: 2/7
  1013 | D:2      | Found a hide-covered altar of Uskayaw.
  1013 | D:2      | Found a deep blue altar of Sif Muna.
  1023 | D:2      | Became a worshipper of Sif Muna the Loreminder
  1211 | D:2      | Learned a level 2 spell: Searing Ray
  1217 | D:2      | Learned a level 3 spell: Dazzling Spray
  1433 | D:2      | Reached XP level 4. HP: 24/24 MP: 6/9
  2157 | D:3      | HP: 1/24 [orc wizard/magic dart (6)]
  2163 | D:3      | Gained mutation: You can fly. [Tengu growth]
  2163 | D:3      | Reached XP level 5. HP: 18/28 MP: 4/11
  2431 | D:3      | Learned a level 4 spell: Fulminant Prism
  2638 | D:3      | Found a shattered altar of Ashenzari.
  2740 | D:3      | Reached * piety under Sif Muna
  3320 | D:4      | Reached skill level 7 in Conjurations
  3397 | D:4      | Noticed a phantom
  3416 | D:4      | Killed a phantom
  3416 | D:4      | Reached XP level 6. HP: 19/32 MP: 0/14
  3543 | D:4      | Learned a level 4 spell: Force Lance
  3655 | D:4      | Reached skill level 5 in Spellcasting
  3895 | D:4      | Reached XP level 7. HP: 36/36 MP: 6/16
  4368 | D:5      | Entered Level 5 of the Dungeon
  4411 | D:5      | Reached skill level 8 in Conjurations
  4559 | D:4      | Reached ** piety under Sif Muna
  5006 | D:4      | Learned a level 4 spell: Iskenderun's Mystic Blast
  5453 | D:5      | Reached XP level 8. HP: 41/41 MP: 12/19
  6054 | D:6      | Reached skill level 9 in Conjurations
  6280 | D:6      | You fall through a shaft!
  6394 | D:7      | Found a glowing golden altar of the Shining One.
  6825 | D:7      | Noticed a hippogriff
  6837 | D:7      | Killed a hippogriff
  6837 | D:7      | Reached *** piety under Sif Muna
  7071 | D:6      | Found Qomisug's Jewellery Shoppe.
  7187 | D:6      | Found a staircase to the Ecumenical Temple.
  7261 | D:6      | Reached XP level 9. HP: 41/45 MP: 13/22
  7274 | D:6      | Reached skill level 1 in Invocations
  7534 | D:6      | Found a runed door.
  7538 | D:6      | Noticed Crazy Yiuf
  7541 | D:6      | Killed Crazy Yiuf
  7541 | D:6      | Reached skill level 10 in Conjurations
  8440 | D:8      | Noticed a two-headed ogre
  8448 | D:8      | Demolished by a two-headed ogre

Skill      XL: |  1  2  3  4  5  6  7  8  9 |
---------------+----------------------------+-----
Conjurations   | 6 7 8 9 10 | 10.3
Spellcasting   | 3 4 5 6 8 9 |  9.0
Invocations    | 2 |  2.2
Armour         | |  0.2
Dodging        | |  2.3
Stealth        | |  2.0

Action                   |  1- 3 |  4- 6 |  7- 9 || total
-------------------------+-------+-------+-------++-------
Melee: Whip              |     7 |       |       ||     7
       Peck              |     5 |     1 |     1 ||     7
       Kick              |     5 |     1 |     5 ||    11
       Rapier            |    16 |    17 |       ||    33
       Staff             |       |       |    19 ||    19
Throw: Throwing net      |       |       |     3 ||     3
 Cast: Magic Dart        |    52 |   126 |   202 ||   380
       Searing Ray       |     1 |     5 |     2 ||     8
       Dazzling Spray    |       |     3 |    14 ||    17
       Fulminant Prism   |       |       |    12 ||    12
       Force Lance       |       |       |     7 ||     7
Evoke: Wand              |       |       |     4 ||     4
  Use: Scroll            |     6 |     8 |     4 ||    18
       Potion            |       |     1 |     1 ||     2
 Stab: Sleeping          |     1 |       |       ||     1
  Eat: Chunk             |     2 |     8 |    14 ||    24
       Royal jelly       |       |       |     1 ||     1
Armor: Leather armour    |     7 |    20 |    29 ||    56
Dodge: Dodged            |    24 |    63 |    71 ||   158
